 Dungeon Sprint DCSS version 0.30-a0-534-gdc55766716 (webtiles) character file.

Game seed: 13866293037996175525

6508 rocky1 the Basher (level 10, 0/103 HPs)
             Began as a Minotaur Fighter on Dec 25, 2022.
             Was an Initiate of Gozag.
             Slain by a red devil
             ... wielding a +0 trident
             ... summoned by an orc high priest
              (11 damage)
             ... in the Dungeon (Sprint III: "The Ten Rune Challenge").
             The game lasted 00:06:31 (2444 turns).

rocky1 the Basher (Minotaur Fighter)                Turns: 2444, Time: 00:06:31

Health: 0/103      AC: -2    Str: 22    XL:     10   Next: 69%
Magic:  9/9        EV: 11    Int:  5    God:    Gozag
Gold:   1305       SH:  6    Dex: 13    Spells: 9/9 levels left

rFire   . . .      SeeInvis .    a - +0 flail
rCold   . . .      Faith    .    c - +0 buckler
rNeg    . . .      Spirit   .    k - +0 scale mail
rPois   .          Reflect  .    (helmet restricted)
rElec   .          Harm     .    (no cloak)
rCorr   .          Rampage  .    (no gloves)
Will    .....      NoTele   +    (no boots) Stlth
                                 (no amulet)
HPRegen 0.37/turn                (no ring)
MPRegen 0.11/turn                (no ring)

@: spiked, corroded
A: horns 2, retaliatory headbutt
a: Renounce Religion, Potion Petition, Call Merchant, Bribe Branch


You were in the Dungeon.
You worshipped Gozag.
Gozag was most pleased with you.
You visited 1 branch You collected 2728 gold pieces.
You paid 1423 gold pieces to Gozag.

Inventory:

Hand Weapons
 a - a +0 flail (weapon)
 b - a +2 sling of freezing
Missiles
 g - 7 javelins
Armour
 c - a +0 buckler (worn)
 k - a +0 scale mail (worn)
Wands
 d - a wand of quicksilver (9)
 p - a wand of iceblast (13)
Scrolls
 j - a scroll of blinking
 m - 2 scrolls of poison {unknown}
 n - 3 scrolls of identify
Potions
 e - 2 potions of curing
 f - a potion of lignification {unknown}
 h - 2 potions of magic
 l - 4 potions of mutation {unknown}
 o - 2 potions of flight
 q - a potion of berserk rage
Miscellaneous
 i - a box of beasts


   Skills:
 + Level 14.1 Fighting
 + Level 14.8 Maces & Flails
 + Level 12.0 Ranged Weapons
 + Level 12.9 Armour
 + Level 4.7 Dodging
 - Level 0.2 Stealth
 + Level 9.7 Shields
 * Level 9.0 Evocations


You had 9 spell levels left.
You didn't know any spells.
Your spell library contained the following spells:

 Spells                   Type           Power      Damage    Failure   Level
 Static Discharge         Conj/Air       0%         2-2/arc   90%         2
 Vhi's Electric Charge    Tloc/Air       0%         N/A       99%         3
 Arcjolt                  Conj/Air       0%         1d10      100%        5
 Lightning Bolt           Conj/Air       0%         1d11      100%        5


Dungeon Overview and Level Annotations

Branches:
Dungeon (1/1)

Altars:
Cheibriados
Dithmenos
Elyvilon
Fedhas
Gozag
Hepliaklqana
Kikubaaqudgha
Makhleb
Nemelex Xobeh
Okawaru
Qazlal
Ru
Sif Muna
Trog
Uskayaw
Vehumet
Wu Jian
Xom
Yredelemnul
Zin
The Shining One
Jiyva
Lugonu


Innate Abilities, Weirdness & Mutations

You have a pair of horns on your head.
You reflexively headbutt those who attack you in melee.


Message History

An orc comes into view. It is wielding a +0 short sword.
The orc high priest mumbles some strange prayers to Beogh against you.
Beogh smites you!
An orc priest comes into view. It is wielding a +0 club.
You closely miss the orc high priest.
The orc priest shouts!
Your headbutt misses the orc high priest.
The orc high priest is lightly wounded.
The rust devil hits you. The rust devil corrodes you!
You hit the orc high priest.
The orc high priest is lightly wounded.
The orc warrior misses you. You furiously retaliate!
You headbutt the orc warrior.
An orc wizard comes into view. It is wielding a +0 dagger.
The orc high priest calls upon Beogh to heal the orc warrior.
The orc warrior's wounds heal themselves!
The rust devil hits you. The rust devil corrodes you!
You barely miss the orc high priest.
The orc high priest is lightly wounded.
You block the orc warrior's attack.
The orc high priest performs a strange gesture.
The orc high priest hits you with a +0 halberd!
An orc knight comes into view. It is wielding a +0 broad axe.
You closely miss the orc high priest.
The orc high priest is lightly wounded.
The rust devil hits you! The rust devil corrodes you!
The red devil barely misses you.
You barely miss the orc high priest.
Your headbutt misses the orc high priest.
The orc high priest is lightly wounded.
An orc warrior comes into view.
It is wielding a +0 trident and wearing a +0 chain mail of willpower.
The orc high priest barely misses you.
The orc warrior hits you with a +0 war axe!
* * * LOW HITPOINT WARNING * * *
The rust devil hits you.
* * * LOW HITPOINT WARNING * * *
The rust devil corrodes you!
The red devil hits you from afar with a +0 trident!
You die...
Your body crumbles into a pile of gold. ▓▓▓ ▓▓▓ ♣.############ $$$$#.$ ♣.#___#___#__###$##... ♣.#.).#__)#._#.$.o....$$ ♣ ♣.###'#'###)##44o.oo..$ ♣ ♣.#..........#oooo..oo$$ ♣♣♣.'.⌠........#@#$ o $$ ~...#...######'#4# $$$$

$
....#.⌠.#__#...#'################
....#...#__#...#....#.#.#...).#^.
....#)###__#...##.#..#.##)###)#^.
....#..:#__#...'##.#.#.##.#..##..
....#___#__'...#.))#..#..##..'..^
▓▓▓▓▓▓▓▓▓▓▓▓▓▓▓▓▓▓▓▓▓▓▓▓▓▓▓▓▓#.^.
♣.....♣♣♣♣~~~........~~~...#^..


You could see an orc knight, an orc high priest, 2 rust devils, a red devil
(summoned), 2 orc warriors, an orc wizard and 5 orcs.

Vanquished Creatures
  Erolcha (D)
  Urug (D)
  A deep elf pyromancer (D)
  A lindwurm (D)
  2 cane toads (D)
  A rime drake (D)
  A komodo dragon (D)
  3 wandering mushrooms (D)
  2 tyrant leeches (D)
  A shadow (D)
  5 redbacks (D)
  A spatial vortex (D)
  A swamp drake (D)
  5 two-headed ogres (D)
  A necrophage (D)
  A water elemental (D)
  A scorpion (D)
  A jelly (D)
  2 orc priests (D)
  A wizard (D)
  A necromancer (D)
  3 humans (D)
  A kobold demonologist (D)
  5 orcs (D)
  An endoplasm (D)
  3 rats (D)
  A ballistomycete spore (D)
48 creatures vanquished.

Vanquished Creatures (others)
  A hydra (D)
  A plant (D)
2 creatures vanquished.

Grand Total: 50 creatures vanquished

Notes
Turn   | Place    | Note
-------+----------+-------------------------------------------
     0 | D        | rocky1 the Minotaur Fighter began the quest for the Orb.
     0 | D        | Reached XP level 1. HP: 19/19 MP: 0/0
    51 | D        | Reached skill level 1 in Ranged Weapons
    51 | D        | Reached XP level 2. HP: 25/28 MP: 1/1
    64 | D        | Noticed a scorpion
    71 | D        | Killed a scorpion
    72 | D        | Reached skill level 5 in Fighting
    72 | D        | Reached skill level 5 in Maces & Flails
    72 | D        | Reached XP level 3. HP: 32/37 MP: 2/2
    72 | D        | Reached XP level 4. HP: 38/44 MP: 3/3
   107 | D        | Noticed a water elemental
   110 | D        | Killed a water elemental
   111 | D        | Reached XP level 5. HP: 51/51 MP: 4/4
   163 | D        | Noticed a shadow
   180 | D        | Killed a shadow
   181 | D        | Reached XP level 6. HP: 28/61 MP: 5/5
   185 | D        | Reached skill level 5 in Ranged Weapons
   372 | D        | Found a blossoming altar of Fedhas.
   372 | D        | Found a stormy altar of Qazlal.
   372 | D        | Found a snail-covered altar of Cheibriados.
   372 | D        | Found a burning altar of Makhleb.
   372 | D        | Found a shimmering altar of Xom.
   373 | D        | Found a hazy altar of Hepliaklqana.
   373 | D        | Found an opulent altar of Gozag.
   373 | D        | Found a sparkling altar of Nemelex Xobeh.
   373 | D        | Found a corrupted altar of Lugonu.
   373 | D        | Found a viscous altar of Jiyva.
   373 | D        | Noticed a spatial vortex
   378 | D        | Became a worshipper of Gozag Ym Sagoz the Greedy
   391 | D        | Killed a spatial vortex
   464 | D        | Noticed a two-headed ogre
   464 | D        | Noticed a two-headed ogre
   466 | D        | Noticed a two-headed ogre
   472 | D        | Killed a two-headed ogre
   473 | D        | Reached skill level 1 in Evocations
   473 | D        | Reached XP level 7. HP: 29/70 MP: 6/6
   498 | D        | Noticed a two-headed ogre
   503 | D        | Killed a two-headed ogre
   504 | D        | Reached skill level 10 in Fighting
   504 | D        | Reached skill level 10 in Maces & Flails
   504 | D        | Reached skill level 10 in Armour
   504 | D        | Reached skill level 1 in Dodging
   510 | D        | Noticed Erolcha
   511 | D        | Noticed a two-headed ogre
   515 | D        | Killed Erolcha
   516 | D        | Reached skill level 5 in Evocations
   516 | D        | Reached XP level 8. HP: 54/81 MP: 7/7
   521 | D        | Killed a two-headed ogre
   927 | D        | Reached XP level 9. HP: 31/89 MP: 8/8
  1148 | D        | Noticed a wandering mushroom
  1167 | D        | Killed a wandering mushroom
  1170 | D        | Noticed a wandering mushroom
  1172 | D        | Noticed a wandering mushroom
  1185 | D        | Killed a wandering mushroom
  1198 | D        | Killed a wandering mushroom
  1216 | D        | Noticed a cane toad
  1216 | D        | Noticed a komodo dragon
  1216 | D        | Noticed a cane toad
  1227 | D        | Killed a cane toad
  1242 | D        | Killed a cane toad
  1249 | D        | Killed a komodo dragon
  1250 | D        | Reached skill level 10 in Ranged Weapons
  1485 | D        | Noticed a rime drake
  1495 | D        | Killed a rime drake
  1537 | D        | Reached XP level 10. HP: 94/100 MP: 9/9
  1733 | D        | Noticed a lindwurm
  1740 | D        | Killed a lindwurm
  1766 | D        | HP: 5/101 [poisoned by a redback]
  1999 | D        | Killed a four-headed hydra
  2092 | D        | Noticed Urug
  2112 | D        | Killed Urug
  2311 | D        | Found a basalt altar of Yredelemnul.
  2311 | D        | Found a shadowy altar of Dithmenos.
  2311 | D        | Found a sacrificial altar of Ru.
  2329 | D        | Found a hide-covered altar of Uskayaw.
  2329 | D        | Found an iron altar of Okawaru.
  2329 | D        | Found a bloodstained altar of Trog.
  2329 | D        | Found an ornate altar of the Wu Jian Council.
  2355 | D        | Found a radiant altar of Vehumet.
  2355 | D        | Found a shimmering blue altar of Sif Muna.
  2355 | D        | Found an ancient bone altar of Kikubaaqudgha.
  2380 | D        | Found a glowing silver altar of Zin.
  2380 | D        | Found a glowing golden altar of the Shining One.
  2380 | D        | Found a white marble altar of Elyvilon.
  2381 | D        | Noticed a deep elf pyromancer
  2387 | D        | Killed a deep elf pyromancer
  2415 | D        | Noticed an orc high priest
  2439 | D        | Noticed a rust devil
  2439 | D        | Noticed a rust devil
  2443 | D        | Noticed an orc knight
  2444 | D        | Slain by a red devil

Illustrated notes

Levels and vault maps discovered:
D:        dungeon_sprint_mu [sprint_mu_entry_forest, sprint_mu_temple_rooms,
          sprint_mu_d1_spiders, sprint_mu_d2_genie, sprint_mu_d3_branching,
          sprint_mu_orc_legion, sprint_mu_elf_gauntlet, sprint_mu_hive_nellie,
          sprint_mu_lair_fedhas, sprint_mu_vaults_butterflies,
          sprint_mu_slime_circle, sprint_mu_swamp_cave, sprint_mu_shoals_archi,
          sprint_mu_blade_basic, sprint_mu_crypt_lich, sprint_mu_tomb_spiral,
          sprint_mu_vestibule_basic, sprint_mu_gehenna_hellfire,
          sprint_mu_dis_giant, sprint_mu_tartarus_statrot,
          sprint_mu_cocytus_islands, sprint_mu_zot1]

Skill      XL: |  1  2  3  4  5  6  7  8  9 10 |
---------------+-------------------------------+-----
Fighting       | 4 5 6 8 9 10 11 12 14 | 14.1
Armour         | 4 6 8 9 10 11 12 | 12.9
Shields        | 4 6 7 8 9 |  9.7
Maces & Flails | 3 5 6 7 9 11 12 13 14 | 14.8
Ranged Weapons | 1 2 3 4 6 7 8 10 12 | 12.0
Evocations     | 1 5 7 9 |  9.0
Dodging        | 1 2 4 |  4.7
Stealth        | |  0.2

Action                   |  1- 3 |  4- 6 |  7- 9 | 10-12 || total
-------------------------+-------+-------+-------+-------++-------
Melee: Flail             |    20 |    29 |    77 |   100 ||   226
       Headbutt          |       |     9 |    12 |    21 ||    42
 Fire: Sling             |     7 |     4 |    44 |     2 ||    57
Invok: Potion Petition   |       |       |     1 |     2 ||     3
  Use: Potion            |       |     3 |     3 |       ||     6
Armor: Scale mail        |     7 |     5 |     4 |     5 ||    21
       Skin              |       |       |     4 |       ||     4
Dodge: Dodged            |    12 |    14 |    25 |    23 ||    74
Block: Buckler           |     5 |     2 |    12 |    10 ||    29

Table legend: (Time is in decaauts)
 A = Elapsed time spent in this place.
 B = Non-inter-level travel time spent in this place.
 C = Inter-level travel time spent in this place.
 D = Time resting spent in this place.
 E = Time spent auto-exploring this place.
 F = Levels seen in this place.
 G = Mean time per level.
                   A        B        C        D        E       F      G
               +--------+--------+--------+--------+--------+-----+--------+
         Total |   2428 |   2355 |     73 |   1765 |      9 |   1 | 2428.0 |
       Dungeon |   2428 |   2355 |     73 |   1765 |      9 |   1 | 2428.0 |
               +--------+--------+--------+--------+--------+-----+--------+

Top non-repeatable levels by time:
       D: 2428 daAuts
